 Dungeon Crawl Stone Soup version 0.32-a0-450-g080537f31e (webtiles) character file.

Game seed: 11747598380314944353

1332 Dordric the Mimic (level 8, -4/68 HPs)
             Began as a Troll Shapeshifter on Feb 23, 2024.
             Slain by Grinder (6 damage)
             ... on level 6 of the Dungeon.
             The game lasted 00:05:40 (3909 turns).

Dordric the Mimic (Troll Shapeshifter)              Turns: 3909, Time: 00:05:42

Health: -4/68      AC:  2    Str: 31    XL:     8   Next: 34%
Magic:  7/7        EV: 13    Int:  6    God:
Gold:   347        SH:  0    Dex:  9    Spells: 7/7 levels left

rFire   . .          .
                       - Unarmed
rCold   . . .        (shield currently unavailable)
rNeg    . . .        J - melded +0 swamp dragon scales
rPois   .            (helmet restricted)
rElec   .            (no cloak)
rCorr   .            (gloves unavailable)
SInv    .            (boots unavailable)
Will    .....        (no amulet)
Stlth   +            i - ring of flight
HPRegen 1.11/turn    e - +6 ring of strength
MPRegen 0.10/turn

%: no passive effects
@: flux-form, flying, glowing
A: glow, contaminating, large, unfitting armour, claws 3, regeneration 1, shaggy
fur 1, tough skin 1
a: Begin Untransformation


You were on level 6 of the Dungeon.
You were something dangerously unstable.
You visited 1 branch of the dungeon, and saw 6 of its levels.

You collected 347 gold pieces.

Inventory:

Missiles
 y - 2 throwing nets (quivered)
Armour
 a - a +0 animal skin
 C - the +0 robe of Vas Ebig {rPois Will- Regen+}
   (You found it on level 4 of the Dungeon)

   rPois:     It protects you from poison Will-: It decreases your willpower.
   Regen+:    It increases your rate of health regeneration.
 J - +0 swamp dragon scales (melded)
Jewellery
 e - a +6 ring of strength (right claw)
 i - a ring of flight (left claw)
 x - a ring of fire
 G - a +6 ring of intelligence
 H - a +6 ring of intelligence
Talismans
 c - a beast talisman
 d - a flux talisman (active)
Wands
 w - a wand of mindburst (23)
 A - a wand of polymorph (6)
Scrolls
 h - a scroll of blinking
 k - a scroll of enchant weapon
 l - a scroll of revelation {unknown}
 m - a scroll of fog {unknown}
 n - 2 scrolls of identify
 o - a scroll of amnesia {unknown}
 r - a scroll of torment
 s - a scroll of immolation {unknown}
 u - a scroll of noise {unknown}
 v - a scroll of silence {unknown}
 D - a scroll of fear {unknown}
 F - 2 scrolls of teleportation {unknown}
 I - a scroll of vulnerability {unknown}
Potions
 b - a potion of lignification
 f - 4 potions of ambrosia {unknown}
 g - a potion of enlightenment {unknown}
 j - a potion of attraction {unknown}
 p - a potion of berserk rage {unknown}
 q - a potion of mutation {unknown}
 t - 2 potions of brilliance {unknown}
 z - 3 potions of curing {unknown}
 B - 2 potions of haste {unknown}
 E - a potion of might {unknown}


   Skills:
 - Level 0.7 Fighting
 - Level 1.5 Dodging
 - Level 3.0 Unarmed Combat
 + Level 9.9 Shapeshifting


You had 7 spell levels left.
You didn't know any spells.
Your spell library contained the following spells:

 Spells                   Type           Power      Damage    Failure   Level
 Kiss of Death            Conj/Necr      0%         2d5       45%         1
 Summon Small Mammal      Summ           0%         N/A       45%         1
 Mercury Vapours          Alch/Air       0%         N/A       58%         2
 Scorch                   Fire           0%         2d5       58%         2
 Call Canine Familiar     Summ           0%         N/A       83%         3
 Confusing Touch          Hex            0%         N/A       83%         3
 Mephitic Cloud           Conj/Alch/Air  0%         N/A       83%         3
 Dispel Undead            Necr           0%         3d6       99%         4
 Flame Wave               Conj/Fire      0%         2d4       99%         4
 Summon Blazeheart Golem  Fire/Summ      0%         N/A       99%         4
 Alistair's Intoxication  Alch           0%         N/A       100%        5
 Borgnjor's Vile Clutch   Necr/Erth      0%         N/A       100%        5
 Freezing Cloud           Conj/Ice/Air   0%         6-21      100%        5
 Eringya's Noxious Bog    Alch           0%         4d6       100%        6
 Summon Cactus Giant      Summ           0%         N/A       100%        6


Dungeon Overview and Level Annotations

Branches:
Dungeon (6/15)
 Temple: D:4-7

Altars:
Kikubaaqudgha
Ru
Uskayaw

Shops:
D:4 ?

Annotations:
D:6 Grinder


Innate Abilities, Weirdness & Mutations

You are something dangerously unstable.
You glow with magical radiation, making you easy to see and hit.
Foes you strike become dangerously contaminated with magical radiation.
You are incapable of wielding weapons or throwing items.
You are too large for most types of armour.
You have claws for hands.
Your natural rate of healing is unusually fast.
You are covered in fur. (AC +1)
You have tough skin. (AC +1)


Message History

You claw the ogre!
The ogre begins to glow.
The ogre is moderately wounded.
Grinder comes into view.
The ogre hits you with a +0 giant club!!
You are too injured to fight recklessly!
You are too injured to fight recklessly!
You are too injured to fight recklessly!
You are too injured to fight recklessly!
You are too injured to fight recklessly!
You are too injured to fight recklessly!
You are too injured to fight recklessly!
You are too injured to fight recklessly!
You are too injured to fight recklessly!
You are too injured to fight recklessly!
You are too injured to fight recklessly!
You are too injured to fight recklessly!
You are too injured to fight recklessly!
The ogre stops glowing.
The ogre attacks as it pursues you! The ogre hits you with a +0 giant club!
* * * LOW HITPOINT WARNING * * *
The ogre closely misses you.
Grinder blinks!
The ogre attacks as it pursues you! The ogre hits you with a +0 giant club!
* * * LOW HITPOINT WARNING * * *
You claw the ogre!
The ogre begins to glow.
The ogre is severely wounded.
You scratch the ogre.
The ogre glows dangerously bright.
The ogre is almost dead.
Grinder closely misses you. The ogre closely misses you.
You claw the ogre!
You kill the ogre!
Grinder hits you!
* * * LOW HITPOINT WARNING * * *
You claw Grinder!
Grinder begins to glow.
Grinder is moderately wounded.
Grinder hits you.
* * * LOW HITPOINT WARNING * * *
You writhe in agony.
You die...
Grinder sighs, "Dead already?
I want a refund."

##########
.........#########
........5p).....#
.<####....#######.###
#.........# #.....#
#####...## #.#.#5#
##.## #.#.#.### #.# #
#.....# #. #.#
###.#.# #.# ##'##
#.#.# #.# ##...## #.#
#


You could see Grinder (contam).

Vanquished Creatures
  Maggie (D:5)
  2 ice beasts (D:5)
  2 ogres
  2 lemures (D:6)
  A phantom (D:4)
  A bombardier beetle (D:5)
  2 orc priests (D:5)
  2 hounds (D:5)
  A jelly (D:4)
  A human zombie (D:4)
  A centaur skeleton (D:4)
  A scorpion zombie (D:4)
  2 iguanas
  2 orc wizards (D:4)
  A hound skeleton (D:4)
  3 hound zombies (D:4)
  A howler monkey zombie (D:4)
  9 adders
  2 shadow imps (D:4)
  2 white imps (D:5)
  An adder zombie (D:4)
  3 dart slugs
  12 orcs
  A bat (D:3)
  5 endoplasms
  7 goblins
  7 hobgoblins
  7 jackals
  10 kobolds
  6 quokkas
  10 ball pythons
  4 frilled lizards
  2 rats
114 creatures vanquished.

Notes
Turn   | Place    | Note
-------+----------+-------------------------------------------
     0 | D:1      | Dordric the Troll Shapeshifter began the quest for the Orb.
     0 | D:1      | Reached XP level 1. HP: 18/18 MP: 0/0
    88 | D:1      | Reached XP level 2. HP: 26/26 MP: 1/1
   212 | D:1      | Reached skill level 4 in Shapeshifting
   267 | D:1      | Reached XP level 3. HP: 32/32 MP: 2/2
   511 | D:2      | Found a faded altar of an unknown god.
   672 | D:2      | Reached XP level 4. HP: 34/40 MP: 3/3
  1071 | D:3      | Reached skill level 5 in Shapeshifting
  1898 | D:4      | Identified the +0 robe of Vas Ebig {rPois Will- Regen+}
  1960 | D:4      | Found Naaryn's Magic Scroll Shoppe.
  1974 | D:4      | Reached XP level 5. HP: 39/46 MP: 4/4
  2112 | D:4      | Noticed an ogre
  2139 | D:4      | Killed an ogre
  2140 | D:4      | Reached skill level 6 in Shapeshifting
  2140 | D:4      | Reached XP level 6. HP: 50/54 MP: 5/5
  2368 | D:4      | Reached skill level 7 in Shapeshifting
  2375 | D:4      | Found an ancient bone altar of Kikubaaqudgha.
  2402 | D:4      | Reached XP level 7. HP: 52/61 MP: 6/6
  2528 | D:4      | Identified a scroll of acquirement
  2531 | D:4      | Acquired a +6 ring of strength
  2744 | D:5      | Entered Level 5 of the Dungeon
  2979 | D:5      | Reached skill level 8 in Shapeshifting
  3401 | D:5      | Found a sacrificial altar of Ru.
  3504 | D:5      | Reached skill level 9 in Shapeshifting
  3613 | D:6      | Found a hide-covered altar of Uskayaw.
  3662 | D:6      | Noticed Maggie
  3714 | D:5      | Killed Maggie
  3715 | D:5      | Reached XP level 8. HP: 37/68 MP: 7/7
  3893 | D:6      | Noticed Grinder
  3909 | D:6      | HP: 2/68 [Grinder (3)]
  3909 | D:6      | Slain by Grinder

Illustrated notes

Levels and vault maps discovered:
D:1:      dpeg_arrival_arbitrary_c, layout_rooms
D:2:      layout_loops_cross, ebering_ecumenical_altar_hall, st_stairs_11
D:3:      layout_loops_corners, kennysheep_flooded_box, serial_park_tiny_pond,
          dk_noncrumbling_3
D:4:      layout_rooms, lemuel_mausoleum_altar_kikubaaqudgha, serial_shops,
          shop, nicolae_twisty_statue_hallways
D:5:      layout_loops_cross, nicolae_ru_the_path_less_chosen,
          mrwooster_statue_mirror
D:6:      layout_loops_corners, mainiacjoe_overflow_chevrons, uniq_maggie,
          uniq_pikel, uniq_grinder

Skill      XL: |  1  2  3  4  5  6  7 |
---------------+----------------------+-----
Shapeshifting  | 4 5 6 7 9 |  9.9
Fighting       | |  0.7
Dodging        | |  1.5
Unarmed Combat | |  3.0

Action                     |  1- 3 |  4- 6 |  7- 9 || total
---------------------------+-------+-------+-------++-------
  Melee: Unarmed           |    72 |   136 |   128 ||   336
    Use: Scroll            |       |       |     5 ||     5
 Armour: Animal skin       |    42 |     1 |       ||    43
         Skin              |       |    62 |    71 ||   133
  Dodge: Dodged            |    31 |    59 |    81 ||   171
   Form: Flux              |       |     1 |     1 ||     2
         Beast             |       |       |     1 ||     1

Table legend: (Time is in decaauts)
 A = Elapsed time spent in this place.
 B = Non-inter-level travel time spent in this place.
 C = Inter-level travel time spent in this place.
 D = Time resting spent in this place.
 E = Time spent auto-exploring this place.
 F = Levels seen in this place.
 G = Mean time per level.
                   A        B        C        D        E       F      G
               +--------+--------+--------+--------+--------+-----+--------+
         Total |   3888 |   3735 |    153 |     88 |   2871 |   6 |  648.0 |
       Dungeon |   3888 |   3735 |    153 |     88 |   2871 |   6 |  648.0 |
               +--------+--------+--------+--------+--------+-----+--------+

Top non-repeatable levels by time:
     D:5: 943 daAuts
     D:4: 881 daAuts
     D:3: 845 daAuts
     D:2: 602 daAuts
     D:1: 397 daAuts
     D:6: 217 daAuts
